[ AOE2 MATCH · #495317976 ]
UnrankedGeorgians vs Byzantines
Player's team · WIN
[ REPLAY ANALYSIS · EXTRACTED FROM THE RECORDED GAME ]
Feudal
9:40
Castle
20:49
Imperial
—
| APM avg | 49.0 |
| APM peak | 78 |
| eAPM avg | 22.3 |
| Villagers / military | 52 / 63 |
Focus
⚔️ 43.2% · 🌾 56.8%
Knight ×31 · Scout Cavalry ×30 · Fishing Ship ×22 · Unknown (2626) ×6 · Spearman ×2
Feudal
9:40
Castle
16:35
Imperial
—
| APM avg | 50.1 |
| APM peak | 90 |
| eAPM avg | 25.8 |
| Villagers / military | 83 / 66 |
Focus
⚔️ 36.2% · 🌾 63.8%
Archer ×37 · Camel Scout ×20 · Fishing Ship ×18 · Spearman ×9 · Unknown (2626) ×4
Match map
Initial resources + every placement click. Lines = walls · curves = elevation contours. ◆ gold · ⬟ stone · ● berries · ✦ relic · ◌ wall gap
Your base· Open — 10t gap
SneakySalmon's base· Open — 9t gap
Smoothed initial terrain · ◌ = detected wall gap · hover for details
Inputs per minute
— maxime_0012 - - SneakySalmon
Build order — maxime_0012
First 150 of 230 actions detected
| 0:00 | Create | Villager (Male) |
| 0:00 | Create | Villager (Male) |
| 0:02 | Build | House |
| 0:03 | Build | House |
| 0:08 | Create | Villager (Male) |
| 0:08 | Create | Villager (Male) |
| 1:30 | Create | Villager (Male) |
| 2:03 | Create | Villager (Male) |
| 2:21 | Create | Villager (Male) |
| 2:54 | Create | Villager (Male) |
| 3:03 | Build | Dock |
| 3:07 | Build | House |
| 3:11 | Create | Villager (Male) |
| 3:38 | Create | Villager (Male) |
| 4:05 | Create | Villager (Male) |
| 4:06 | Create | Fishing Ship |
| 4:09 | Build | House |
| 4:11 | Build | Palisade Wall |
| 4:24 | Create | Villager (Male) |
| 4:45 | Create | Fishing Ship |
| 4:51 | Create | Villager (Male) |
| 5:15 | Create | Villager (Male) |
| 5:16 | Create | Fishing Ship |
| 5:33 | Create | Villager (Male) |
| 5:48 | Create | Villager (Male) |
| 5:51 | Create | Fishing Ship |
| 5:53 | Create | Villager (Male) |
| 5:54 | Research | Loom |
| 6:15 | Build | House |
| 6:45 | Create | Fishing Ship |
| 7:22 | Research | Feudal Age |
| 7:38 | Build | Mule Cart |
| 7:56 | Build | House |
| 8:21 | Create | Villager (Male) |
| 8:21 | Create | Villager (Male) |
| 8:37 | Build | Barracks |
| 8:38 | Build | Palisade Wall |
| 9:14 | Build | House |
| 9:40 | Age | Feudal Age |
| 9:46 | Research | Double-Bit Axe |
| 9:48 | Build | Stable |
| 9:49 | Create | Spearman |
| 9:52 | Build | House |
| 9:58 | Create | Villager (Male) |
| 10:03 | Build | House |
| 10:08 | Research | Tech 906 |
| 10:12 | Create | Villager (Male) |
| 10:19 | Create | Spearman |
| 10:30 | Create | Scout Cavalry |
| 10:31 | Create | Scout Cavalry |
| 10:36 | Create | Fishing Ship |
| 10:41 | Build | House |
| 10:42 | Build | Palisade Wall |
| 10:52 | Create | Villager (Male) |
| 10:54 | Create | Fishing Ship |
| 11:04 | Create | Scout Cavalry |
| 11:12 | Build | Blacksmith |
| 11:14 | Build | Palisade Wall |
| 11:15 | Build | Palisade Wall |
| 11:15 | Build | Palisade Wall |
| 11:25 | Create | Villager (Male) |
| 11:38 | Build | Mill |
| 11:40 | Create | Villager (Male) |
| 11:47 | Create | Villager (Male) |
| 11:50 | Create | Fishing Ship |
| 12:01 | Create | Scout Cavalry |
| 12:15 | Build | Dock |
| 12:19 | Create | Villager (Male) |
| 12:21 | Create | Fishing Ship |
| 12:36 | Research | Forging |
| 12:56 | Create | Villager (Male) |
| 12:59 | Create | Scout Cavalry |
| 13:02 | Build | Farm |
| 13:03 | Build | Farm |
| 13:06 | Build | Farm |
| 13:16 | Build | Farm |
| 13:19 | Build | Farm |
| 13:23 | Create | Villager (Male) |
| 13:24 | Create | Fishing Ship |
| 13:40 | Create | Scout Cavalry |
| 13:45 | Create | Villager (Male) |
| 13:47 | Create | Scout Cavalry |
| 14:03 | Create | Villager (Male) |
| 14:04 | Create | Fishing Ship |
| 14:04 | Create | Fishing Ship |
| 14:12 | Build | House |
| 14:12 | Build | House |
| 14:19 | Create | Scout Cavalry |
| 14:20 | Create | Scout Cavalry |
| 14:24 | Research | Scale Barding Armor |
| 14:28 | Build | Mule Cart |
| 14:30 | Create | Villager (Male) |
| 14:47 | Create | Villager (Male) |
| 14:49 | Create | Fishing Ship |
| 14:49 | Create | Fishing Ship |
| 14:54 | Create | Scout Cavalry |
| 15:11 | Build | House |
| 15:15 | Create | Villager (Male) |
| 15:27 | Build | Market |
| 15:33 | Create | Villager (Male) |
| 15:42 | Create | Scout Cavalry |
| 15:43 | Create | Scout Cavalry |
| 16:01 | Build | Dock |
| 16:06 | Create | Villager (Male) |
| 16:09 | Research | Bloodlines |
| 16:12 | Create | Scout Cavalry |
| 16:27 | Build | Palisade Wall |
| 16:39 | Build | Stable |
| 16:42 | Build | House |
| 16:54 | Research | Wheelbarrow |
| 16:56 | Build | Farm |
| 17:07 | Build | Farm |
| 17:08 | Build | Farm |
| 17:24 | Build | Dock |
| 17:44 | Create | Fishing Ship |
| 17:44 | Create | Fishing Ship |
| 18:08 | Research | Castle Age |
| 18:27 | Create | Scout Cavalry |
| 18:27 | Create | Scout Cavalry |
| 18:31 | Create | Fishing Ship |
| 18:31 | Create | Fishing Ship |
| 18:46 | Research | Gold Mining |
| 18:49 | Build | Watch Tower |
| 18:54 | Build | Watch Tower |
| 19:00 | Create | Scout Cavalry |
| 19:00 | Create | Scout Cavalry |
| 19:05 | Build | Stable |
| 19:25 | Create | Unit 2626 |
| 19:25 | Create | Unit 2626 |
| 19:25 | Create | Unit 2626 |
| 19:39 | Create | Scout Cavalry |
| 19:39 | Create | Scout Cavalry |
| 19:47 | Build | Dock |
| 19:59 | Create | Scout Cavalry |
| 20:03 | Create | Scout Cavalry |
| 20:10 | Create | Fishing Ship |
| 20:10 | Create | Fishing Ship |
| 20:37 | Create | Scout Cavalry |
| 20:37 | Create | Scout Cavalry |
| 20:43 | Create | Fishing Ship |
| 20:43 | Create | Fishing Ship |
| 20:49 | Age | Castle Age |
| 20:52 | Research | Light Cavalry (upgrade) |
| 20:52 | Research | Husbandry |
| 21:02 | Create | Villager (Male) |
| 21:27 | Research | Chain Barding Armor |
| 21:29 | Create | Villager (Male) |
| 21:40 | Build | Monastery |
| 21:45 | Build | Monastery |
| 21:47 | Create | Villager (Male) |
Build order — SneakySalmon
First 150 of 259 actions detected
| 0:00 | Create | Villager (Male) |
| 0:00 | Create | Villager (Male) |
| 0:01 | Create | Villager (Male) |
| 0:01 | Create | Villager (Male) |
| 0:01 | Create | Villager (Male) |
| 0:03 | Build | House |
| 0:04 | Build | House |
| 1:24 | Build | Lumber Camp |
| 1:29 | Create | Villager (Male) |
| 1:29 | Create | Villager (Male) |
| 1:59 | Create | Villager (Male) |
| 1:59 | Create | Villager (Male) |
| 2:23 | Create | Villager (Male) |
| 2:50 | Create | Villager (Male) |
| 3:10 | Create | Villager (Male) |
| 3:11 | Create | Villager (Male) |
| 3:23 | Build | House |
| 3:40 | Create | Villager (Male) |
| 3:48 | Build | Dock |
| 3:50 | Build | Palisade Wall |
| 4:03 | Build | Palisade Wall |
| 4:08 | Create | Villager (Male) |
| 4:31 | Create | Villager (Male) |
| 4:37 | Create | Fishing Ship |
| 4:41 | Build | House |
| 4:42 | Build | Palisade Wall |
| 4:43 | Build | Palisade Wall |
| 4:54 | Create | Villager (Male) |
| 4:54 | Create | Villager (Male) |
| 5:25 | Create | Villager (Male) |
| 5:28 | Create | Fishing Ship |
| 5:45 | Create | Villager (Male) |
| 6:00 | Create | Fishing Ship |
| 6:04 | Create | Villager (Male) |
| 6:27 | Research | Loom |
| 6:31 | Create | Villager (Male) |
| 6:38 | Research | Loom |
| 6:44 | Build | House |
| 6:52 | Create | Fishing Ship |
| 7:23 | Build | Palisade Wall |
| 7:30 | Research | Feudal Age |
| 7:32 | Create | Fishing Ship |
| 7:51 | Build | Palisade Wall |
| 7:52 | Build | Palisade Wall |
| 8:30 | Build | Mining Camp |
| 8:30 | Create | Fishing Ship |
| 8:48 | Build | House |
| 9:21 | Build | Barracks |
| 9:39 | Create | Villager (Male) |
| 9:40 | Age | Feudal Age |
| 9:54 | Research | Double-Bit Axe |
| 10:00 | Create | Villager (Male) |
| 10:09 | Create | Spearman |
| 10:18 | Build | Archery Range |
| 10:23 | Create | Villager (Male) |
| 10:30 | Create | Fishing Ship |
| 10:32 | Create | Villager (Male) |
| 10:59 | Create | Villager (Male) |
| 11:02 | Create | Archer |
| 11:13 | Create | Archer |
| 11:14 | Create | Fishing Ship |
| 11:24 | Build | House |
| 11:43 | Build | House |
| 11:52 | Build | Blacksmith |
| 11:55 | Create | Villager (Male) |
| 12:02 | Create | Archer |
| 12:15 | Create | Villager (Male) |
| 12:23 | Build | House |
| 12:26 | Create | Fishing Ship |
| 12:29 | Create | Archer |
| 12:46 | Build | House |
| 12:48 | Build | Palisade Wall |
| 12:50 | Build | Palisade Wall |
| 12:51 | Build | Palisade Wall |
| 12:54 | Build | Palisade Wall |
| 13:02 | Create | Spearman |
| 13:14 | Build | House |
| 13:53 | Build | Dock |
| 13:55 | Research | Castle Age |
| 14:11 | Create | Spearman |
| 14:25 | Create | Spearman |
| 14:34 | Create | Fishing Ship |
| 14:39 | Create | Spearman |
| 14:53 | Create | Spearman |
| 14:59 | Research | Fletching |
| 15:00 | Create | Archer |
| 15:08 | Build | Palisade Wall |
| 15:16 | Create | Villager (Male) |
| 15:22 | Create | Fishing Ship |
| 15:26 | Create | Fishing Ship |
| 15:41 | Create | Archer |
| 15:42 | Create | Archer |
| 15:43 | Create | Spearman |
| 15:49 | Build | House |
| 15:54 | Build | House |
| 16:07 | Create | Archer |
| 16:09 | Create | Villager (Male) |
| 16:23 | Build | House |
| 16:26 | Build | House |
| 16:30 | Build | Palisade Wall |
| 16:34 | Build | Palisade Wall |
| 16:35 | Build | Palisade Wall |
| 16:35 | Age | Castle Age |
| 16:42 | Research | Crossbowman (upgrade) |
| 16:51 | Research | Bodkin Arrow |
| 17:12 | Create | Villager (Male) |
| 17:15 | Create | Archer |
| 17:15 | Create | Archer |
| 17:23 | Create | Spearman |
| 17:23 | Create | Archer |
| 17:30 | Research | Bow Saw |
| 17:35 | Create | Fishing Ship |
| 17:35 | Create | Fishing Ship |
| 17:49 | Create | Spearman |
| 17:49 | Create | Villager (Male) |
| 17:49 | Create | Villager (Male) |
| 17:59 | Create | Archer |
| 18:00 | Create | Archer |
| 18:14 | Create | Archer |
| 18:14 | Create | Archer |
| 18:28 | Create | Villager (Male) |
| 18:37 | Create | Archer |
| 18:47 | Create | Villager (Male) |
| 18:53 | Build | Archery Range |
| 19:24 | Create | Archer |
| 19:24 | Create | Archer |
| 19:35 | Create | Villager (Male) |
| 19:58 | Build | Town Center |
| 19:59 | Create | Archer |
| 19:59 | Create | Archer |
| 20:25 | Create | Archer |
| 20:25 | Create | Archer |
| 20:26 | Create | Archer |
| 20:26 | Create | Villager (Male) |
| 20:27 | Create | Villager (Male) |
| 20:32 | Research | Padded Archer Armor |
| 20:35 | Build | House |
| 20:44 | Create | Fishing Ship |
| 20:55 | Create | Villager (Male) |
| 21:05 | Create | Archer |
| 21:07 | Create | Villager (Male) |
| 21:17 | Research | Tech 906 |
| 21:24 | Create | Unit 2626 |
| 21:29 | Research | Tech 906 |
| 21:31 | Create | Villager (Male) |
| 21:40 | Create | Villager (Male) |
| 21:40 | Create | Villager (Male) |
| 21:44 | Create | Archer |
| 21:44 | Create | Archer |
| 21:47 | Build | House |
Match timeline
| 3:03 | maxime_0012 · first_building Dock |
| 3:48 | SneakySalmon · first_building Dock |
| 3:50 | SneakySalmon · wall_segment Palisade Wall x1 |
| 4:03 | SneakySalmon · wall_segment Palisade Wall x1 |
| 4:11 | maxime_0012 · wall_segment Palisade Wall x1 |
| 4:42 | SneakySalmon · wall_segment Palisade Wall x1 |
| 4:43 | SneakySalmon · wall_segment Palisade Wall x1 |
| 7:23 | SneakySalmon · wall_segment Palisade Wall x6 |
| 7:51 | SneakySalmon · wall_segment Palisade Wall x1 |
| 7:52 | SneakySalmon · wall_segment Palisade Wall x1 |
| 8:37 | maxime_0012 · first_building Barracks |
| 8:38 | maxime_0012 · wall_segment Palisade Wall x1 |
| 9:21 | SneakySalmon · first_building Barracks |
| 9:40 | maxime_0012 · age_up feudal |
| 9:40 | SneakySalmon · age_up feudal |
| 9:48 | maxime_0012 · first_building Stable |
| 10:18 | SneakySalmon · first_building Archery Range |
| 10:42 | maxime_0012 · wall_segment Palisade Wall x7 |
| 11:14 | maxime_0012 · wall_segment Palisade Wall x1 |
| 11:15 | maxime_0012 · wall_segment Palisade Wall x1 |
| 11:15 | maxime_0012 · wall_segment Palisade Wall x1 |
| 12:48 | SneakySalmon · wall_segment Palisade Wall x1 |
| 12:50 | SneakySalmon · wall_segment Palisade Wall x1 |
| 12:51 | SneakySalmon · wall_segment Palisade Wall x2 |
| 12:54 | SneakySalmon · wall_segment Palisade Wall x1 |
| 15:08 | SneakySalmon · wall_segment Palisade Wall x1 |
| 16:27 | maxime_0012 · wall_segment Palisade Wall x2 |
| 16:30 | SneakySalmon · wall_segment Palisade Wall x1 |
| 16:34 | SneakySalmon · wall_segment Palisade Wall x1 |
| 16:35 | SneakySalmon · wall_segment Palisade Wall x1 |
| 16:35 | SneakySalmon · age_up castle |
| 18:06 | maxime_0012 · first_market_sell 100 food |
| 20:49 | maxime_0012 · age_up castle |
| 21:40 | maxime_0012 · first_building Monastery |
| 22:28 | SneakySalmon · first_building Siege Workshop |
| 22:32 | SneakySalmon · first_building Stable |
| 22:55 | maxime_0012 · first_building Siege Workshop |
| 26:23 | SneakySalmon · wall_segment Palisade Wall x1 |
| 26:55 | SneakySalmon · wall_segment Palisade Wall x1 |
| 28:10 | SneakySalmon · resign |
[ AI ANALYSIS · 1 CREDIT ]
What really happened in this match?
Wolo.gg analyzes every decision: build order, eco, micro, common mistakes by bracket. Personalized analysis on WhatsApp or Discord in 30 seconds.
Civ guide
Georgians
Perfil
maxime_0012